 Dungeon Crawl Stone Soup version 0.22.1-2-g9c5b331 (webtiles) character file.

35 Yuikono the Gusty (level 3, -3/19 HPs)
             Began as a Tengu Air Elementalist on Dec 20, 2018.
             Slain by a bullfrog (8 damage)
             ... on level 2 of the Dungeon.
             The game lasted 00:03:49 (1466 turns).

Yuikono the Gusty (Tengu Air Elementalist)          Turns: 1466, Time: 00:03:50

Health: -3/19      AC:  2    Str:  8    XL:     3   Next: 33%
Magic:  6/7        EV: 12    Int: 16    God:
Gold:   42         SH:  0    Dex: 14    Spells: 6/7 levels left

rFire    . . .     SeeInvis .   f - +0 spear
rCold    . . .     Gourm    .   (no shield)
rNeg     . . .     Faith    .   a - +0 robe
rPois    .         Spirit   .   (helmet restricted)
rElec    .         Reflect  .   (no cloak)
rCorr    .         Harm     .   (no gloves)
MR       .....                  (boots unavailable)
Stlth    ++........             (no amulet)
HPRegen  0.06/turn              (no ring)
MPRegen  0.10/turn              (no ring)

@: no status effects
A: beak, talons 3
a: no special abilities


You were on level 2 of the Dungeon.
You were not hungry.

You visited 1 branch of the dungeon, and saw 2 of its levels.

You collected 42 gold pieces.

Inventory:

Hand Weapons
 e - a +0 hunting sling
 f - a +0 spear (weapon)
Missiles
 b - 69 stones (quivered)
 g - 32 arrows
 k - 21 bolts
 m - 15 poisoned needles
Armour
 a - a +0 robe (worn)
Scrolls
 j - a scroll of fog {unknown}
Potions
 d - 2 potions of berserk rage {unknown}
 h - a potion of brilliance {unknown}
 i - a potion of mutation {unknown}
Comestibles
 c - 2 rations


   Skills:
 - Level 2.1 Dodging
 - Level 2.0 Stealth
 + Level 2.5 Spellcasting
 + Level 2.6 Conjurations
 + Level 4.6 Air Magic


You had 6 spell levels left.
You knew the following spells:

 Your Spells              Type           Power        Failure   Level  Hunger
a - Shock                 Conj/Air       ##..         4%          1    #......

Your spell library contained the following spells:

 Spells                   Type           Power        Failure   Level  Hunger
 Swiftness                Chrm/Air       #.......     12%         2    ##.....
 Static Discharge         Conj/Air       ##......     13%         3    ###....
 Airstrike                Air            ###.......   28%         4    #####..
 Lightning Bolt           Conj/Air       ##........   77%         5    ######.


Dungeon Overview and Level Annotations

Branches:
Dungeon (2/15)

Altars:
Dithmenos
Elyvilon
Gozag
Trog


Innate Abilities, Weirdness & Mutations

You have a beak for a mouth.
You have claws for feet.


Message History

The ooze hits you but does no damage.
You hit the ooze. You peck the ooze.
The ooze is heavily wounded.
The ooze hits you.
You hit the ooze. You claw the ooze.
You kill the ooze!
The bullfrog misses you.
You closely miss the bullfrog.
You peck the bullfrog, but do no damage.
The bullfrog hits you! The bullfrog hits you.
* * * LOW HITPOINT WARNING * * *
There is a stone staircase leading down here.
Casting: Shock (safe; 4% risk of failure)
Confirm with . or Enter, or press ? or * to list all spells.
Aiming: Shock (safe; 4% risk of failure)
Press: ? - help, Shift-Dir - straight line, f - bullfrog
Aim: a bullfrog The zap misses the bullfrog.
The bullfrog hits you!
You die...

. ?.... .# #.#.#.##.#
....# #.#.#....# ....#
###........# ....#
...........# ....#
...........# ....#
.$.........#
....#########+#+#F...#
.......b........@....#
.....##########[#....#
.....................#
#.##.######...#.######
#.#.......#.#.#....####
#.#..####.#.#.#........
#.#.....#.#.#.#........
#.##.##.#)#...#........
#.....†.......'........


You could see a bullfrog.

Vanquished Creatures
  An ooze (D:2)
  A dart slug (D:1)
  2 leopard geckos (D:2)
  5 bats (D:1)
  A giant cockroach (D:2)
  3 goblins
  A hobgoblin (D:1)
  3 jackals (D:1)
  5 kobolds
  3 frilled lizards (D:1)
  2 rats (D:1)
27 creatures vanquished.

Notes
Turn   | Place    | Note
-------+----------+-------------------------------------------
     0 | D:1      | Yuikono the Tengu Air Elementalist began the quest for the
                  | Orb.
     0 | D:1      | Reached XP level 1. HP: 10/10 MP: 4/4
   358 | D:1      | Reached XP level 2. HP: 14/15 MP: 6/6
   936 | D:2      | Reached XP level 3. HP: 7/19 MP: 5/7
  1254 | D:2      | Found an opulent altar of Gozag.
  1254 | D:2      | Found a shadowy altar of Dithmenos.
  1254 | D:2      | Found a bloodstained altar of Trog.
  1254 | D:2      | Found a white marble altar of Elyvilon.
  1460 | D:2      | Noticed a bullfrog
  1466 | D:2      | Slain by a bullfrog

Skill      XL: |  1  2 |
---------------+-------+-----
Conjurations   | 2 |  2.6
Dodging        | |  2.1
Stealth        | |  2.0
Spellcasting   | |  2.5
Air Magic      | |  4.6

Action                   || total
-------------------------++-------
Melee: Unarmed           ||    11
       Spear             ||    48
       Kick              ||     9
       Peck              ||     5
Throw: Stone             ||     2
 Cast: Shock             ||    14
 Stab: Sleeping          ||     3
  Eat: Chunk             ||     2
Armor: Robe              ||    15
Dodge: Dodged            ||    49
